 Dungeon Crawl Stone Soup version 0.27.1-2-g3b301248ec (webtiles) character file.

Game seed: 13524267398098613742

5319 LLlMATKO the Fighter (level 10, -2/90 HPs)
             Began as a Minotaur Berserker on Sept 30, 2021.
             Was a High Priest of Trog.
             Succumbed to a water moccasin's poison
             ... on level 8 of the Dungeon.
             The game lasted 00:10:10 (8720 turns).

LLlMATKO the Fighter (Minotaur Berserker)           Turns: 8720, Time: 00:10:10

Health: -2/90      AC: 13    Str: 22    XL:     10   Next: 38%
Magic:  9/9        EV: 10    Int:  4    God:    Trog [*****.]
Gold:   384        SH: 16    Dex: 19    Spells: 9/9 levels left

rFire    . . .     SeeInvis .   a - +2 war axe (vorpal)
rCold    . . .     Faith    .   s - +0 kite shield
rNeg     + . .     Spirit   .   t - +0 chain mail
rPois    .         Reflect  +   (helmet restricted)
rElec    .         Harm     .   (no cloak)
rCorr    .         Rampage  .   E - +0 pair of gloves
Will     .....                  n - +0 pair of boots
Stlth    ..........             e - amulet of reflection
HPRegen  0.25/turn              m - ring of positive energy
MPRegen  0.11/turn              w - +6 ring of dexterity

@: lethally poisoned (-2 -> -12)
A: horns 2, retaliatory headbutt
a: Renounce Religion, Berserk, Trog's Hand, Brothers in Arms


You were on level 8 of the Dungeon.
You worshipped Trog.
Trog was extremely pleased with you.
You visited 1 branch of the dungeon, and saw 9 of its levels.
You also visited: Sewer.

You collected 426 gold pieces.
You spent 42 gold pieces at shops.

Inventory:

Hand Weapons
 a - a +2 vorpal war axe (weapon)
 v - a +0 hand crossbow
Missiles
 c - 74 bolts
 h - a throwing net (quivered)
Armour
 n - a +0 pair of boots (worn)
 s - a +0 kite shield (worn)
 t - a +0 chain mail (worn)
 E - a +0 pair of gloves (worn)
Jewellery
 e - an amulet of reflection (around neck)
 m - a ring of positive energy (left hand)
 r - a ring of protection from fire
 w - a +6 ring of dexterity (right hand)
 C - a ring of fire
 D - a +6 ring of dexterity
Wands
 F - a wand of paralysis (5)
Scrolls
 f - 2 scrolls of holy word {unknown}
 i - a scroll of amnesia {unknown}
 j - 2 scrolls of enchant armour {unknown}
 k - 3 scrolls of fear {unknown}
 l - a scroll of magic mapping
 q - 6 scrolls of identify {unknown}
 x - 2 scrolls of teleportation {unknown}
 y - a scroll of enchant weapon {unknown}
 G - a scroll of immolation {unknown}
Potions
 b - 3 potions of curing {unknown}
 d - 4 potions of heal wounds {unknown}
 g - 2 potions of degeneration {unknown}
 o - a potion of berserk rage {unknown}
 p - 4 potions of might {unknown}
 u - 2 potions of flight {unknown}
 z - 3 potions of haste {unknown}
 A - 2 potions of brilliance {unknown}
 B - 2 potions of cancellation {unknown}


   Skills:
 + Level 8.8 Fighting
 + Level 8.7 Axes
 + Level 5.9 Crossbows
 + Level 8.2 Armour
 + Level 7.6 Dodging
 + Level 6.9 Shields


You had 9 spell levels left.
You didn't know any spells.
Your spell library was empty.

Dungeon Overview and Level Annotations

Branches:
Dungeon (9/15)             Temple (0/1) D:5           Sewer (visited)
   Lair: D:8-11         Orc: D:9-12

Altars:
Cheibriados
Makhleb
Ru
Sif Muna
Xom
Yredelemnul
The Shining One

Shops:
D:2 =*


Innate Abilities, Weirdness & Mutations

You have a pair of horns on your head.
You reflexively headbutt those who attack you in melee.


Message History

a yak corpse; a wyvern corpse Unknown command.
You feel sick.
There is a stone staircase leading down, spattered with blood here.
You start resting.
You feel sick. x2
You are no longer poisoned.
You start resting.
You feel yourself speed up.
You recover from your berserk rage.
You climb downwards.
You hear the roar of battle.
There is an entrance to a bailey on this level.
Hurry and find it before the portal closes forever!
You hear the creaking of a very distant portcullis.
The centaur shoots an arrow.
You reflect the arrow off an invisible shield around you!
The arrow hits the centaur.
You block the orc warrior's attack.
The centaur shoots an arrow.
The arrow hits you. The water moccasin bites you.
* * * LOW HITPOINT WARNING * * *
You are poisoned.
The water moccasin poisons you!
The orc warrior hits you but does no damage.
The yak misses you. You furiously retaliate!
You headbutt the yak.
There is a stone staircase leading up here.
There are no items here.
You feel very sick.
The centaur shoots an arrow.
You reflect the arrow off an invisible shield around you!
The arrow hits the centaur!
You block the water moccasin's attack.
The orc warrior hits you with a +0 war axe!
* * * LOW HITPOINT WARNING * * *
The yak gores you.
* * * LOW HITPOINT WARNING * * *
The centaur shoots an arrow.
You reflect the arrow off an invisible shield around you!
The arrow hits the centaur!
You kill the centaur!
Trog accepts your kill. The water moccasin closely misses you.
You climb upwards.
You die...

#.# #... #######.# #...
#.......# #####...
#.#####.# #.......
#.#<..#.# #......#
#.###.#.# #......#
#.....#.# #.......
#######o#########[......
#@S...............
##Y....####.......
#.....# #....... #.....#
#####.## #...(.# #.#
#.....# #.## #.....#
#..# #.....# #####.#
####### #.....#


You could see a yak, an orc warrior and a water moccasin.

Vanquished Creatures
  A two-headed ogre (D:8)
  Prince Ribbit (D:5)
  5 wyverns
  3 yaks (D:8)
  3 water moccasins
  An acid dragon (D:8)
  2 sky beasts
  2 black bears
  2 orc warriors
  4 ice beasts
  4 centaurs
  An ogre (D:5)
  2 phantoms
  A kobold brigand (D:6)
  3 bullfrogs
  2 wyvern skeletons
  4 killer bees (D:8)
  3 wights (D:7)
  A centaur zombie (D:8)
  A crimson imp (D:4)
  A gnoll shaman (D:6)
  2 jellies
  2 bullfrog skeletons (D:5)
  3 orc priests
  2 hounds
  5 orc wizards
  A hound skeleton (D:5)
  A howler monkey zombie (D:8)
  8 gnolls (D:6)
  An adder (D:6)
  6 river rats
  2 shadow imps
  A white imp (D:7)
  An adder skeleton (D:4)
  A worm (D:4)
  2 dart slugs
  19 orcs
  9 endoplasms
  4 giant cockroaches
  3 goblins
  5 hobgoblins
  5 jackals
  2 quokkas
  14 ball pythons
  3 bats
  13 frilled lizards
  14 kobolds
  15 rats
  A spectral orc (D:7)
192 creatures vanquished.

Notes
Turn   | Place    | Note
-------+----------+-------------------------------------------
     0 | D:1      | LLlMATKO the Minotaur Berserker began the quest for the
                  | Orb.
     0 | D:1      | Reached XP level 1. HP: 19/19 MP: 0/0
   333 | D:1      | Reached XP level 2. HP: 27/27 MP: 1/1
  1018 | D:2      | Reached XP level 3. HP: 32/33 MP: 2/2
  1249 | D:2      | Reached ** piety under Trog
  1449 | D:2      | Found Ryme's General Store.
  1457 | D:2      | Bought a scroll of magic mapping for 42 gold pieces
  1460 | D:2      | Found Jyicwee's Jewellery Shoppe.
  2036 | D:2      | Found Ryme's General Store.
  2047 | D:2      | Found Jyicwee's Jewellery Shoppe.
  2277 | D:3      | Reached XP level 4. HP: 41/41 MP: 3/3
  2409 | D:3      | Found a glowing golden altar of the Shining One.
  3251 | D:4      | Reached XP level 5. HP: 47/47 MP: 4/4
  3320 | D:4      | Reached *** piety under Trog
  3374 | D:4      | Found a shimmering altar of Xom.
  3375 | D:4      | Found a burning altar of Makhleb.
  3380 | D:4      | Reached skill level 5 in Fighting
  3380 | D:4      | Reached skill level 5 in Axes
  3780 | D:4      | Found a sacrificial altar of Ru.
  3810 | D:4      | Reached XP level 6. HP: 55/56 MP: 5/5
  4028 | D:4      | Noticed an ice beast
  4037 | D:4      | Killed an ice beast
  4038 | D:4      | Reached skill level 1 in Shields
  4143 | D:4      | Found a shimmering blue altar of Sif Muna.
  4301 | D:5      | Entered Level 5 of the Dungeon
  4390 | D:5      | Reached XP level 7. HP: 61/61 MP: 6/6
  4400 | D:5      | Found a snail-covered altar of Cheibriados.
  4472 | D:5      | Found a staircase to the Ecumenical Temple.
  4609 | D:5      | Noticed Prince Ribbit
  4619 | D:5      | Killed Prince Ribbit
  4620 | D:5      | Reached skill level 1 in Crossbows
  4620 | D:5      | Reached skill level 5 in Armour
  5040 | D:5      | Reached skill level 5 in Dodging
  5257 | D:5      | Reached XP level 8. HP: 38/70 MP: 7/7
  5720 | D:6      | Reached **** piety under Trog
  5978 | D:6      | Found a glowing drain.
  5994 | Sewer    | Entered a sewer
  6863 | D:7      | Reached XP level 9. HP: 73/79 MP: 8/8
  6867 | D:7      | Reached skill level 5 in Shields
  6916 | D:7      | Reached ***** piety under Trog
  7165 | D:7      | Found a basalt altar of Yredelemnul.
  8298 | D:8      | Reached skill level 5 in Crossbows
  8347 | D:8      | Noticed a two-headed ogre
  8364 | D:8      | Killed a two-headed ogre
  8365 | D:8      | Reached XP level 10. HP: 89/89 MP: 9/9
  8719 | D:9      | HP: 2/90 [yak (5)]
  8720 | D:8      | Succumbed to a water moccasin's poison

Illustrated notes

Levels and vault maps discovered:
D:1:      minmay_arrival_loop, layout_basic, minmay_distorted
D:2:      layout_loops_ring, serial_shops, shop, shop_fountains
D:3:      layout_basic, mainiacjoe_overflow_catwalk
D:4:      layout_basic, grunt_temple_overflow_champion_of_chaos,
          mainiacjoe_overflow_brackets, led_sif_pool
D:5:      layout_basic, kennysheep_slug_shrine, temple_pool_b,
          amcnicky_mini_corridor_feature, chequers_serial_rivers_micro_d,
          grunt_ministairs_8, uniq_prince_ribbit1
D:6:      layout_basic, portal_sewer_entry_b
D:7:      layout_loops_ring, yredelemnul_forgotten_temple_becter
D:8:      layout_basic
D:9:      layout_cave_pools, beargit_hepliaklqana_dungeon_heroes,
          minmay_lair_entry_grove, enter_bailey_1

Skill      XL: |  1  2  3  4  5  6  7  8  9 10 |
---------------+-------------------------------+-----
Fighting       | 4 5 6 7 8 |  8.8
Axes           | 4 5 6 7 8 |  8.7
Armour         | 3 4 5 6 7 8 |  8.2
Dodging        | 3 4 5 6 7 |  7.6
Shields        | 2 3 4 6 |  6.9
Crossbows      | 2 3 5 |  5.9

Action                   |  1- 3 |  4- 6 |  7- 9 | 10-12 || total
-------------------------+-------+-------+-------+-------++-------
Melee: Hand axe          |    96 |    73 |       |       ||   169
       Headbutt          |    14 |    19 |    40 |     5 ||    78
       War axe           |       |    24 |   191 |    25 ||   240
 Fire: Hand crossbow     |       |       |    97 |     6 ||   103
Invok: Berserk           |     1 |     1 |     2 |     1 ||     5
  Use: Scroll            |       |       |     1 |       ||     1
 Stab: Sleeping          |       |     1 |       |       ||     1
Armor: Animal skin       |    14 |     6 |       |       ||    20
       Chain mail        |       |    36 |    88 |    16 ||   140
Dodge: Dodged            |    54 |    35 |    62 |    30 ||   181
Block: Other             |    21 |     8 |       |       ||    29
       Kite shield       |       |    37 |   206 |    48 ||   291
       Reflection        |       |     2 |     5 |     3 ||    10
